 Dungeon Crawl Stone Soup version 0.29-a0-92-gee772dd00f (webtiles) character file.

Game seed: 1181817858050361444

499308 Zider the Ninja (level 23, -27/133 HPs)
             Began as a Spriggan Enchanter on Feb 6, 2022.
             Was the Champion of Dithmenos.
             Annihilated by a spriggan defender (30 damage)
             ... on level 4 of the Depths on Feb 9, 2022.
             The game lasted 04:04:20 (69534 turns).

Zider the Ninja (Spriggan Enchanter)               Turns: 69534, Time: 04:04:21

Health: -27/133    AC: 14    Str: 12    XL:     23   Next: 73%
Magic:  46/52      EV: 39    Int: 18    God:    Dithmenos [******]
Gold:   3817       SH:  5    Dex: 17    Spells: 37/70 levels left

rFire   . . .      SeeInvis +   l - +8 Vampire's Tooth {vamp}
rCold   . . .      Faith    .   W - orb {guile}
rNeg    . . .      Spirit   .   h - +3 robe of Clouds {*Thunder rCloud rElec}
rPois   +          Reflect  +   Q - +2 hat
rElec   +          Harm     .   Y - +2 cloak {Stlth+}
rCorr   .          Rampage  .   (gloves unavailable)
Will    ++...                   (boots unavailable) Stlth #*********
                                j - amulet of Absolutism {Reflect rPois SH+5}
HPRegen 0.32/turn               o - +4 ring of protection
MPRegen 0.33/turn               G - +4 ring of evasion

@: wreathed by umbra, studying 2 skills, very quick
A: very small, no large weapons, unfitting armour, see invisible, speed 3, wild
magic 1
}: 3/15 runes: decaying, serpentine, silver
a: Renounce Religion, Shadow Step, Shadow Form


You were on level 4 of the Depths.
You worshipped Dithmenos.
Dithmenos was exalted by your worship.
You visited 9 branches of the dungeon, and saw 44 of its levels.
You visited 1 bazaar.
You also visited: Bailey, Gauntlet, Wizlab and Desolation.

You collected 8395 gold pieces.
You spent 4578 gold pieces at shops.

Inventory:

Hand Weapons
 b - the +9 rapier "Majolasm" {protect, +Blink Int+3}
   (You took it off an orc on level 10 of the Dungeon)

   It grants its wielder temporary protection when it strikes (+7 to AC).
   Int:       It affects your intelligence (+3).
   +Blink:    It lets you blink.
 l - the +8 Vampire's Tooth (weapon) {vamp}
   (You bought it in a shop on level 3 of the Snake Pit)

   It occasionally heals its wielder for the full amount of damage dealt when it
   wounds a living foe.
 U - a +11 quick blade of electrocution
Armour
 h - the +3 robe of Clouds (worn) {*Thunder rCloud rElec}
   (You acquired it on level 2 of the Vaults)

   It occasionally creates storm clouds above nearby enemies.
   It grants its wearer immunity to clouds.
   rElec:     It insulates you from electricity.
 m - a scarf of invisibility
 p - the +1 cloak of Duty {rC+ Str+5}
   (You found it on level 5 of the Vaults)

   Str:       It affects your strength (+5).
   rC:        It protects you from cold.
 Q - a +2 hat (worn)
 W - an orb of guile (worn)
 Y - a +2 cloak of stealth (worn)
Jewellery
 i - a ring of protection from fire
 j - the amulet of Absolutism (around neck) {Reflect rPois SH+5}
   (You found it in a Gauntlet)

   [amulet of reflection]

   It reflects blocked missile attacks.
   rPois:     It protects you from poison.
   SH:        It affects your SH (+5).
 o - a +4 ring of protection (left hand)
 s - the ring of Koatteis {Str+6 Dex+7}
   (You found it in a wizard's laboratory)

   [ring of strength]

   Str:       It affects your strength (+6).
   Dex:       It affects your dexterity (+7).
 G - a +4 ring of evasion (right hand)
 M - the amulet "Ittoroonox" {Acrobat +Blink rF+}
   (You found it on level 3 of the Elven Halls)

   [amulet of the acrobat]

   It increases your evasion while moving and waiting.
   rF:        It protects you from fire.
   +Blink:    It lets you blink.
 X - the ring of Propriety {rF+ rC+ rN++ AC+4 Dex-5}
   (You bought it in a shop on level 4 of the Snake Pit)

   [ring of protection]

   AC:        It affects your AC (+4).
   Dex:       It affects your dexterity (-5).
   rF:        It protects you from fire.
   rC:        It protects you from cold.
   rN:        It greatly protects you from negative energy.
Wands
 a - a wand of acid (5)
 q - a wand of iceblast (22)
 v - a wand of digging (33)
 B - a wand of paralysis (31)
 H - a wand of charming (28)
 L - a wand of polymorph (27)
 R - a wand of mindburst (18)
Scrolls
 u - 16 scrolls of summoning
 x - a scroll of enchant armour
 D - 5 scrolls of fear
 E - 11 scrolls of teleportation
 I - 3 scrolls of fog
 N - 2 scrolls of magic mapping
 O - 10 scrolls of amnesia
 P - 8 scrolls of blinking
 S - 3 scrolls of holy word
 V - 3 scrolls of immolation
Potions
 d - 8 potions of haste
 e - 15 potions of curing
 f - 3 potions of invisibility
 g - 5 potions of resistance
 k - 8 potions of heal wounds
 n - 7 potions of flight
 t - a potion of brilliance
 w - 7 potions of cancellation
 z - a potion of magic
 A - 2 potions of might
 J - 3 potions of berserk rage
 T - 5 potions of ambrosia
 Z - 21 potions of mutation
Miscellaneous
 c - a box of beasts
 r - a condenser vane
 F - a phantom mirror


   Skills:
 + Level 18.1 Fighting
 - Level 11.0 Short Blades
 + Level 24.1 Dodging
 O Level 27 Stealth
 + Level 24.2 Spellcasting
 + Level 24.4 Hexes


You had 37 spell levels left.
You knew the following spells:

 Your Spells              Type           Power      Damage    Failure   Level
a - Ensorcelled Hibernat  Hex/Ice        100%       N/A       1%          2
b - Tukima's Dance        Hex            97%        N/A       1%          3
c - Dazzling Flash        Conj/Hex       100%       N/A       1%          3
d - Confusing Touch       Hex            97%        N/A       1%          3
e - Blink                 Tloc           56%        N/A       4%          2
f - Cause Fear            Hex            48%        N/A       1%          4
g - Discord               Hex            48%        N/A       1%          8
h - Summon Mana Viper     Hex/Summ       71%        N/A       1%          5
i - Teleport Other        Tloc           28%        N/A       9%          3

Your spell library contained the following spells:

 Spells                   Type           Power      Damage    Failure   Level
 Slow                     Hex            100%       N/A       1%          1
 Inner Flame              Hex/Fire       71%        N/A       1%          3
 Portal Projectile        Hex/Tloc       100%       N/A       1%          3
 Summon Guardian Golem    Hex/Summ       71%        N/A       1%          3
 Anguish                  Hex/Necr       35%        N/A       1%          4
 Fulminant Prism          Conj/Hex       35%        3d18      1%          4
 Leda's Liquefaction      Hex/Erth       35%        N/A       1%          4
 Metabolic Englaciation   Hex/Ice        35%        N/A       1%          5
 Yara's Violent Unravell  Hex/Tmut       35%        3d14      1%          5
 Enfeeble                 Hex            48%        N/A       1%          7
 Animate Skeleton         Necr           56%        N/A       3%          1
 Beastly Appendage        Tmut           56%        N/A       3%          1
 Foxfire                  Conj/Fire      100%       2x1d9     3%          1
 Freeze                   Ice            100%       1d11      3%          1
 Magic Dart               Conj           100%       1d8       3%          1
 Pain                     Necr           100%       1d9       3%          1
 Sandblast                Erth           56%        2d13      3%          1
 Shock                    Conj/Air       100%       1d9       3%          1
 Sting                    Tmut/Pois      100%       1d8       3%          1
 Corpse Rot               Necr/Air       56%        N/A       4%          2
 Passwall                 Tmut/Erth      23%        N/A       4%          2
 Poisonous Vapours        Pois/Air       56%        N/A       4%          2
 Searing Ray              Conj           56%        2d6       4%          2
 Static Discharge         Conj/Air       28%        N/A       4%          2
 Wereblood                Tmut           28%        N/A       4%          2
 Call Canine Familiar     Summ           28%        N/A       9%          3
 Conjure Flame            Conj/Fire      28%        6-21      9%          3
 Frozen Ramparts          Ice            56%        1d7       9%          3
 Gell's Gravitas          Tloc           28%        N/A       9%          3
 Ignite Poison            Fire/Tmut/Pois 28%        N/A       9%          3
 Lesser Beckoning         Tloc           28%        N/A       9%          3
 Ozocubu's Armour         Ice            28%        N/A       9%          3
 Spider Form              Tmut/Pois      28%        N/A       9%          3
 Stone Arrow              Conj/Erth      56%        3d10      9%          3
 Swiftness                Air            28%        N/A       9%          3
 Vampiric Draining        Necr           28%        2d8       9%          3
 Airstrike                Air            14%        N/A       26%         4
 Animate Armour           Summ/Erth      56%        N/A       26%         4
 Animate Dead             Necr           14%        N/A       26%         4
 Dispel Undead            Necr           28%        3d13      26%         4
 Flame Wave               Conj/Fire      28%        2d8       26%         4
 Hailstorm                Conj/Ice       28%        3d8       26%         4
 Ice Form                 Ice/Tmut       28%        N/A       26%         4
 Iskenderun's Mystic Bla  Conj/Tloc      28%        2d7       26%         4
 Olgreb's Toxic Radiance  Pois           28%        N/A       26%         4
 Passage of Golubria      Tloc           28%        N/A       26%         4
 Petrify                  Tmut/Erth      28%        N/A       26%         4
 Summon Lightning Spire   Summ/Air       28%        N/A       26%         4
 Alistair's Intoxication  Tmut/Pois      18%        N/A       54%         5
 Borgnjor's Vile Clutch   Necr/Erth      14%        N/A       54%         5
 Fireball                 Conj/Fire      14%        3d8       54%         5
 Irradiate                Conj/Tmut      14%        3d18      54%         5
 Lightning Bolt           Conj/Air       14%        1d27      54%         5
 Manifold Assault         Tloc           28%        N/A       54%         5
 Summon Forest            Summ/Tloc      14%        N/A       54%         5
 Death Channel            Necr           14%        N/A       98%         6
 Dispersal                Tloc           14%        N/A       98%         6
 Eringya's Noxious Bog    Tmut/Pois      14%        N/A       98%         6
 Simulacrum               Ice/Necr       14%        N/A       98%         6
 Starburst                Conj/Fire      14%        6d6       98%         6
 Statue Form              Tmut/Erth      18%        N/A       98%         6
 Summon Cactus Giant      Summ           14%        N/A       98%         6
 Dragon Form              Tmut           14%        N/A       100%        7
 Haunt                    Necr/Summ      14%        N/A       100%        7
 Malign Gateway           Summ/Tloc      14%        N/A       100%        7
 Orb of Destruction       Conj           14%        9d7       100%        7
 Spellforged Servitor     Conj/Summ      14%        N/A       100%        7
 Summon Hydra             Summ           14%        N/A       100%        7
 Ignition                 Fire           14%        3d6       100%        8
 Infestation              Necr           14%        N/A       100%        8
 Maxwell's Capacitive Co  Air            14%        ∞         100%        8
 Necromutation            Tmut/Necr      14%        N/A       100%        8
 Summon Horrible Things   Summ           14%        N/A       100%        8
 Chain Lightning          Conj/Air       14%        3d18      100%        9
 Fire Storm               Conj/Fire      14%        8d4       100%        9
 Shatter                  Erth           14%        3d14*     100%        9


Dungeon Overview and Level Annotations

Branches:
Dungeon (15/15)            Temple (1/1) D:5            Lair (6/6) D:10
  Swamp (4/4) Lair:4        Snake (4/4) Lair:2        Slime (0/5) Lair:6
    Orc (2/2) D:10            Elf (3/3) Orc:2        Vaults (5/5) D:14
  Crypt (0/3) Vaults:2     Depths (4/4) D:15         Bailey (visited)
 WizLab (visited)         Desolation (visited)      Gauntlet (visited)
    Zot: Depths:4

Altars:
Ashenzari
Cheibriados
Dithmenos
Elyvilon
Fedhas
Gozag
Hepliaklqana
Kikubaaqudgha
Makhleb
Nemelex Xobeh
Okawaru
Qazlal
Ru
Sif Muna
Trog
Uskayaw
Vehumet
Wu Jian
Xom
Yredelemnul
Zin
The Shining One
Beogh
Jiyva

Shops:
D:9 [   Orc:2 *([(   Elf:1 ?[   Elf:2 =   Snake:3 *!*   Snake:4 [*([
Vaults:1 (*   Vaults:2 *?   Vaults:5 *   Depths:1 (   Depths:3 ?

Portals:
Hell: Depths:1 Depths:2 Depths:3
Abyss: Depths:3
Pandemonium: Depths:2
Ziggurat: Depths:3
Trove: D:15 (give 12 potions of heal wounds)

Annotations:
Lair:1 2 transporters, Cab's ghost, journeyman DsFi
Lair:5 2 transporters
Lair:6 exclusion: oklob plant
Elf:2 6 runed translucent doors, MummyMadness's ghost, adept DsCA


Innate Abilities, Weirdness & Mutations

You are very small and have problems with some larger weapons.
You are too small for most types of armour.
You have supernaturally acute eyesight. (SInv)
You cover ground extremely quickly. (Speed+++)
Your spells are a little harder to cast, but a little more powerful.


Message History

The spriggan defender completely misses you.
You block the spriggan defender's attack.
The spriggan defender misses the spriggan defender.
Unknown command.
Unknown command.
Unknown command.
Unknown command.
Unknown command.
Unknown command.
Unknown command.
Unknown command.
Unknown command.
Unknown command.
Unknown command.
The spriggan defender hits the spriggan defender with a +1 lajatang of speed!!! x2
The spriggan defender dies!
Dithmenos accepts your kill.
You hear a shout!
A stone giant comes into view.
The spriggan defender barely misses you.
Unknown command.
Storm clouds gather above the spriggan defender.
The stone giant throws a large rock.
The large rock completely misses you.
Unknown command.
Storm clouds gather above the spriggan defender.
The spriggan defender is struck by lightning.
The spriggan defender hits you with a +1 lajatang of speed!!!
You emit a cloud of dark smoke.
You hear two shouts!
Unknown command.
The spriggan defender shouts!
The spriggan defender misses you.
The spriggan defender hits you with a +1 lajatang of speed!!!
You emit a cloud of dark smoke.
There is a stone staircase leading up, spattered with blood here.
The spriggan defender hits you with a +1 lajatang of speed!!!
* * * LOW HITPOINT WARNING * * *
You emit a cloud of dark smoke.
The spriggan defender hits you with a +1 lajatang of speed!!
You die...

#####################
#..§§@i§....)).......
.....§§§§§§...#.#######
#!#.#§§§§.........
#........#########
######C### ##((.##.
...# #(#(#.#. ###.+
.(.#(.#. #.# ##.#.#.#.


You could see a neutral spriggan defender (fast, strong, insane).

Vanquished Creatures
  Mara (Swamp:3)
  A juggernaut (Depths:3)
  Sojobo (Vaults:2)
  Frederick (Depths:3)
  Bai Suzhen (Swamp:3)
  Nikola (Elf:1)
  A mutant beast (WizLab)
  Rupert (D:15)
  Asterion (Depths:1)
  5 tentacled monstrosities
  A lich (Depths:1)
  3 deep elf blademasters (Elf:3)
  A quicksilver dragon (Depths:3)
  2 titans (Vaults:5)
  3 sphinxes
  Kirke (Swamp:3)
  2 tengu reavers
  A storm dragon (Vaults:5)
  A thorn hunter (Swamp:4)
  3 fire giants (Depths:3)
  7 nagarajas
  7 vault wardens
  A fenstrider witch (Swamp:4)
  A deep elf sorcerer (Vaults:5)
  2 iron dragons (Depths:3)
  6 orc warlords
  An imperial myrmidon (Desolation)
  Louise (Swamp:3)
  5 frost giants
  8 stone giants
  13 ironbound preservers
  14 very ugly things
  7 ironbound thunderhulks
  A war gargoyle (Vaults:4)
  A juggernaut skeleton (Depths:2)
  2 vampire knights
  4 eleionomae
  2 deep elf demonologists
  5 bunyips
  2 entropy weavers
  A minotaur (Gauntlet)
  An entropy weaver (shapeshifter) (Elf:2)
  A halazid warlock (Desolation)
  11 dire elephants
  2 spark wasps (Depths:3)
  2 deep elf annihilators (Elf:3)
  3 crystal guardians
  8 ettins
  A shambling mangrove (Swamp:4)
  6 yaktaur captains
  3 fire dragons
  3 great orbs of eyes
  17 naga warriors
  3 servants of whispers (Desolation)
  8 ice dragons
  4 ragged hierophants (Desolation)
  A rakshasa (Depths:2)
  3 peacekeepers
  A salamander tyrant (Snake:4)
  6 anacondas
  3 boulder beetles
  23 hydras
  6 spriggan air magi
  An ogre mage (D:15)
  11 vault guards
  Erolcha (D:10)
  A ghost crab (Swamp:3)
  A catoblepas (Lair:6)
  A death knight (D:15)
  6 ironbound frosthearts
  15 centaur warriors
  9 two-headed ogres
  An alligator (shapeshifter) (Depths:3)
  4 deep troll earth magi
  12 alligators
  A vampire mage (D:15)
  5 orc high priests (Orc:2)
  5 tengu warriors
  3 shock serpents (shapeshifter)
  12 dancing weapons
  11 naga sharpshooters
  9 death yaks (D:10)
  6 spriggan berserkers
  A sun demon (Depths:1)
  A titan zombie (Vaults:5)
  Urug (Lair:4)
  5 deep elf knights
  3 hell knights
  3 shock serpents
  Nergalle (Lair:4)
  2 skeletal warriors (D:15)
  A sixfirhy (Depths:2)
  2 iron trolls (Depths:2)
  A goliath frog (Swamp:2)
  2 glowing orange brains
  8 salamander mystics
  2 spriggan druids (Swamp:3)
  46 deep trolls
  7 naga ritualists
  11 swamp dragons
  A tengu zombie (Depths:2)
  3 necromancers
  A lindwurm (shapeshifter) (Depths:1)
  4 phantasmal warriors
  6 wizards
  5 bog bodies
  5 orc knights
  A sphinx zombie (D:15)
  13 ironbound convokers
  10 lindwurms
  6 harpies (Vaults:1)
  18 deep elf zephyrmancers
  30 ugly things
  3 deep elf archers
  10 mana vipers
  A faun (shapeshifter) (WizLab)
  22 deep elf pyromancers
  2 salamanders (shapeshifter) (WizLab)
  3 manticores
  9 elephants
  6 orc sorcerers
  A shadow dragon skeleton (D:15)
  A will-o-the-wisp (Swamp:4)
  13 salamanders
  A guardian serpent (shapeshifter) (WizLab)
  A human skeleton (Vaults:5)
  7 cyclopes
  25 black mambas
  A fire giant skeleton (Depths:2)
  5 guardian serpents
  14 naga magi
  An eye of devastation (shapeshifter) (Depths:3)
  Maurice (D:13)
  A smoke demon (Depths:2)
  3 molten gargoyles
  15 vault sentinels
  A torpor snail (Lair:5)
  An unseen horror (D:13)
  A spriggan zombie (D:15)
  An elf skeleton (Vaults:5)
  2 gargoyles
  10 cane toads
  A kobold demonologist (D:12)
  3 cane toads (shapeshifter) (WizLab)
  2 freezing wraiths
  10 komodo dragons
  An efreet (D:15)
  6 rime drakes
  16 yaktaurs
  2 komodo dragons (shapeshifter)
  A yaktaur (shapeshifter) (WizLab)
  3 queen bees (shapeshifter) (WizLab)
  2 red devils (Depths:2)
  A hellwing (Depths:2)
  4 tengu conjurers
  7 polar bears
  An ice devil (Depths:2)
  A troll (shapeshifter) (D:14)
  6 trolls
  4 meliai
  A wolf spider simulacrum (D:14)
  13 hornets
  9 tyrant leeches
  A bloated husk (Swamp:4)
  22 saltlings (Desolation)
  6 slime creatures (Vaults:2)
  6 dream sheep
  15 blink frogs
  A slime creature (shapeshifter) (Vaults:5)
  An ettin zombie (D:15)
  2 air elementals
  73 yaks
  18 spriggans
  4 water elementals
  A meliai zombie (D:10)
  4 humans (D:7)
  9 small abominations
  A vampire (D:12)
  3 wraiths
  3 wyverns
  A hog (shapeshifter) (WizLab)
  2 fire bats (Depths:3)
  2 golden eyes (shapeshifter)
  A chaos spawn (Depths:3)
  A fire elemental (Elf:2)
  4 basilisks
  2 redbacks (Gauntlet)
  Grum (Lair:1)
  An iron golem (WizLab)
  9 vampire mosquitoes
  7 wargs
  A steam dragon (D:10)
  Menkaure (D:5)
  20 swamp worms
  A swamp worm (shapeshifter) (Depths:2)
  4 acid dragons
  Duvessa (D:6)
  46 nagas
  18 water moccasins
  14 large abominations
  A meliai simulacrum (D:15)
  A floating eye (WizLab)
  5 swamp drakes (Swamp:4)
  56 orc warriors
  An ice beast (D:4)
  A sky beast (D:7)
  A black bear (shapeshifter) (WizLab)
  A hornet zombie (D:7)
  6 black bears
  2 necrophages
  14 ogres
  5 boggarts (Lair:6)
  29 wolves
  11 centaurs
  2 phantoms
  5 kobold brigands
  11 bullfrogs
  A scorpion (D:6)
  2 earth elementals (Elf:2)
  A gnoll sergeant (D:10)
  Dowan (D:6)
  2 wights (D:8)
  3 electric eels (D:7)
  A bullfrog zombie (D:5)
  2 jellies (D:6)
  3 centaur zombies
  4 hounds
  31 orc priests
  A centaur skeleton (D:7)
  An iguana (D:4)
  16 orc wizards
  6 hell rats (Lair:3)
  A killer bee zombie (D:8)
  Robin (D:4)
  2 howler monkey zombies
  6 adders
  10 gnolls
  2 shadow imps
  A white imp (D:8)
  2 ufetubi (D:6)
  2 adder skeletons
  A dart slug (D:2)
  115 orcs
  6 endoplasms
  4 giant cockroaches
  28 goblins
  20 hobgoblins
  4 jackals (D:3)
  14 kobolds
  2 quokkas
  7 ball pythons
  A bat (shapeshifter) (Vaults:5)
  6 bats
  2 frilled lizards
  8 rats
  A pillar of salt (Desolation)
1590 creatures vanquished.

Vanquished Creatures (collateral kills)
  Mennas (Vaults:5)
  Margery (Vaults:5)
  2 caustic shrikes (Depths:3)
  A tentacled monstrosity (Vaults:5)
  A lich (Vaults:5)
  A deep elf blademaster (Elf:3)
  A walking frostbound tome (Depths:3)
  2 titans (Vaults:5)
  A deep elf master archer (Elf:3)
  A sphinx (Vaults:5)
  A storm dragon (Vaults:5)
  3 tengu reavers
  2 fire giants
  A frost giant (Vaults:5)
  5 deep elf sorcerers (Elf:3)
  2 vault wardens
  A balrug (Depths:1)
  7 deep elf elementalists
  11 ironbound preservers
  3 spriggan defenders
  16 very ugly things
  2 stone giants (Vaults:5)
  6 deep elf demonologists
  6 deep elf annihilators
  A dire elephant (shapeshifter) (Vaults:5)
  A dire elephant (Vaults:2)
  A fire dragon (Depths:3)
  3 ettins (Vaults:5)
  6 deep elf death magi (Elf:3)
  A ragged hierophant (Desolation)
  A great orb of eyes (Depths:2)
  3 yaktaur captains (Vaults:5)
  A peacekeeper (Desolation)
  2 hydras (Swamp:4)
  3 deep elf high priests
  4 ogre magi (Vaults:5)
  24 vault guards
  A spriggan skeleton (Depths:2)
  A centaur warrior (D:14)
  A hell beast (Depths:1)
  An ironbound frostheart (Vaults:2)
  2 spriggan air magi
  4 two-headed ogres (Vaults:5)
  2 hell hogs (Depths:1)
  2 naga sharpshooters (Snake:4)
  2 deep troll shamans (Depths:2)
  2 spriggan berserkers
  An orc high priest (Elf:1)
  2 deep troll earth magi
  13 hell knights
  A deep elf knight (Elf:2)
  3 soul eaters (Depths:1)
  5 sun demons (Depths:1)
  A large abomination (WizLab)
  5 ironbound convokers
  21 deep trolls
  A naga ritualist (Snake:4)
  A spriggan druid (Swamp:1)
  2 phantasmal warriors (Vaults:5)
  9 deep elf pyromancers
  A deep elf archer (Elf:1)
  3 necromancers
  A tengu skeleton (Depths:2)
  7 deep elf zephyrmancers
  9 ugly things
  A salamander (shapeshifter) (WizLab)
  A salamander (Snake:4)
  2 guardian serpents (Desolation)
  An iron dragon skeleton (Depths:2)
  3 vault sentinels (Vaults:5)
  A smoke demon (Depths:1)
  A frost giant skeleton (Depths:2)
  A hellion (Depths:1)
  A naga mage (Snake:4)
  4 yaktaurs (Vaults:5)
  A yaktaur (shapeshifter) (WizLab)
  A meliai (shapeshifter) (WizLab)
  2 hornets
  A polar bear (shapeshifter) (WizLab)
  4 dancing weapons
  2 tarantellas (shapeshifter) (WizLab)
  3 raiju (shapeshifter) (WizLab)
  9 saltlings (Desolation)
  3 slime creatures (Vaults:3)
  A culicivora (shapeshifter) (Depths:3)
  2 spriggans
  2 air elementals (Elf:2)
  A fire elemental (Elf:2)
  A human zombie (Depths:2)
  5 nagas
  A warg (Vaults:5)
  3 floating eyes (WizLab)
  12 orc warriors
  5 ogres
  A wight (D:8)
  3 orc priests
  Crazy Yiuf (D:3)
  2 orc wizards
  2 gnolls (Bailey)
  19 orcs
  A hobgoblin (Bailey)
  5 goblins (Bailey)
  3 kobolds (D:8)
  A rat (D:3)
346 creatures vanquished.

Vanquished Creatures (others)
  Saint Roka (Vaults:5)
  A tentacled monstrosity (Vaults:5)
  3 tengu reavers (Vaults:5)
  2 storm dragons (Vaults:5)
  A frost giant (Depths:3)
  3 ironbound preservers
  A very ugly thing (Vaults:4)
  2 deep elf demonologists (Elf:3)
  4 deep elf annihilators (Elf:3)
  4 vault guards
  A ragged hierophant (Desolation)
  A deep elf high priest (Elf:3)
  A rakshasa (Depths:3)
  A servant of whispers (Desolation)
  A deep troll shaman (Depths:2)
  An ironbound frostheart (Vaults:3)
  A deep elf knight (Elf:1)
  4 deep trolls
  A spriggan druid (Swamp:3)
  3 deep elf zephyrmancers
  A deep elf pyromancer (Elf:3)
  A deep elf archer (Elf:2)
  A necromancer (Vaults:5)
  2 ugly things
  A will-o-the-wisp (Swamp:3)
  2 vault sentinels
  An unseen horror (Depths:3)
  A cane toad (Lair:6)
  A yaktaur (Vaults:3)
  3 bloated husks
  A slime creature (Vaults:3)
  A spriggan (Swamp:1)
  4 humans (Swamp:3)
  47 dancing weapons
  2 chaos spawn (Depths:3)
  2 swamp worms (Swamp:2)
  An orc warrior (Orc:2)
  An orc wizard (Orc:1)
  A bush (D:6)
  4 foxfires (Swamp:3)
  36 fungi
  124 plants
  7 withered plants (D:15)
282 creatures vanquished.

Grand Total: 2218 creatures vanquished

Notes
Turn   | Place    | Note
-------+----------+-------------------------------------------
     0 | D:1      | Zider the Spriggan Enchanter began the quest for the Orb.
     0 | D:1      | Reached XP level 1. HP: 9/9 MP: 5/5
   307 | D:2      | Reached XP level 2. HP: 13/13 MP: 7/7
   310 | D:2      | Learned a level 2 spell: Ensorcelled Hibernation
   646 | D:1      | Reached XP level 3. HP: 16/16 MP: 3/9
   650 | D:1      | Learned a level 3 spell: Tukima's Dance
   654 | D:1      | Learned a level 3 spell: Confusing Touch
  1705 | D:2      | Found a faded altar of an unknown god.
  2431 | D:3      | Found a runed translucent door.
  2432 | D:3      | Noticed Crazy Yiuf
  2438 | D:3      | Killed Crazy Yiuf
  2439 | D:3      | Reached skill level 5 in Hexes
  2439 | D:3      | Reached XP level 4. HP: 21/21 MP: 11/11
  3023 | D:3      | Found a burning altar of Makhleb.
  3250 | D:4      | Noticed an ogre
  3258 | D:4      | Killed an ogre
  3259 | D:4      | Reached skill level 5 in Spellcasting
  3259 | D:4      | Reached XP level 5. HP: 12/24 MP: 11/13
  3693 | D:4      | Learned a level 3 spell: Dazzling Flash
  3730 | D:4      | Noticed a black bear
  3737 | D:4      | Noticed a necrophage
  4080 | D:4      | Reached XP level 6. HP: 20/28 MP: 15/15
  4183 | D:4      | Noticed an ice beast
  4333 | D:4      | HP: 1/28 [ice beast (12)]
  4692 | D:4      | Killed an ice beast
  4693 | D:4      | Reached skill level 5 in Stealth
  5238 | D:4      | Noticed Robin
  5302 | D:4      | Killed Robin
  5493 | D:4      | Reached skill level 6 in Stealth
  5493 | D:4      | Reached XP level 7. HP: 32/32 MP: 17/17
  5727 | D:5      | Entered Level 5 of the Dungeon
  5752 | D:5      | Found a staircase to the Ecumenical Temple.
  5766 | Temple   | Entered the Ecumenical Temple
  5906 | D:5      | Identified 2 scrolls of acquirement
  5906 | D:5      | Acquired 987 gold pieces
  5910 | D:5      | Acquired 293 gold pieces
  5942 | D:5      | Noticed a wyvern
  5964 | D:5      | Killed a wyvern
  5965 | D:5      | Reached skill level 7 in Stealth
  6257 | D:5      | Reached XP level 8. HP: 11/36 MP: 20/20
  6537 | D:5      | Reached skill level 8 in Stealth
  6636 | D:5      | Noticed Menkaure
  6643 | D:5      | Killed Menkaure
  7171 | D:6      | Reached skill level 9 in Stealth
  7557 | D:6      | Noticed Duvessa
  7559 | D:6      | Noticed Dowan
  7560 | D:6      | Killed Duvessa
  7563 | D:6      | Killed Dowan
  7629 | D:6      | Reached skill level 10 in Stealth
  8046 | D:6      | Reached XP level 9. HP: 39/39 MP: 23/23
  8503 | D:7      | Noticed a two-headed ogre
  8658 | D:7      | Found a flagged portal.
  8703 | Bailey   | Entered a bailey
  9220 | Bailey   | Reached skill level 11 in Stealth
  9436 | Bailey   | Reached skill level 10 in Hexes
  9503 | Bailey   | Noticed an orc knight
  9588 | Bailey   | Killed an orc knight
  9589 | Bailey   | Reached skill level 12 in Stealth
  9589 | Bailey   | Reached skill level 10 in Spellcasting
  9692 | Bailey   | Noticed an orc warlord
  9778 | Bailey   | Identified the +10 shortbow "Soemmun" {freeze, rC+ Int+3
                  | Dex+2}
 10162 | Bailey   | Killed an orc warlord
 10163 | Bailey   | Reached skill level 13 in Stealth
 10163 | Bailey   | Reached XP level 10. HP: 44/44 MP: 17/26
 11441 | D:7      | Killed a two-headed ogre
 11442 | D:7      | Reached skill level 1 in Fighting
 11823 | D:7      | Acquired 736 gold pieces
 12273 | D:8      | Found a sparkling altar of Nemelex Xobeh.
 12510 | D:8      | Found a shadowy altar of Dithmenos.
 12533 | D:8      | Became a worshipper of Dithmenos the Shadowed
 12597 | D:8      | Reached skill level 14 in Stealth
 12606 | D:8      | Reached skill level 5 in Dodging
 12643 | D:8      | Reached XP level 11. HP: 25/51 MP: 17/27
 12856 | D:8      | Reached * piety under Dithmenos
 13615 | D:9      | Found Zalul's Antique Armour Shoppe.
 13971 | D:10     | Entered Level 10 of the Dungeon
 14131 | D:10     | Noticed Erolcha
 14146 | D:10     | Killed Erolcha
 14154 | D:10     | Found a hazy altar of Hepliaklqana.
 14155 | D:10     | Found a sacrificial altar of Ru.
 14156 | D:10     | Found an iron altar of Okawaru.
 14157 | D:10     | Found a blossoming altar of Fedhas.
 14485 | D:10     | Found a staircase to the Orcish Mines.
 14537 | D:10     | Noticed a death yak
 14595 | D:10     | Identified the +9 rapier "Majolasm" {protect, +Blink Int+3}
 14620 | D:10     | Noticed a death yak
 14621 | D:10     | Found a staircase to the Lair.
 14622 | D:10     | Noticed a death yak
 14622 | D:10     | Noticed a death yak
 14622 | D:10     | Noticed a death yak
 14623 | D:10     | Noticed a death yak
 14623 | D:10     | Noticed a death yak
 14624 | D:10     | Noticed a death yak
 14625 | D:10     | Noticed a death yak
 14787 | D:11     | Noticed a five-headed hydra
 14794 | D:11     | Killed a five-headed hydra
 14821 | D:11     | Reached skill level 5 in Short Blades
 14997 | D:11     | Noticed a two-headed ogre
 15004 | D:11     | Killed a two-headed ogre
 15127 | D:11     | Noticed a deep elf pyromancer
 15134 | D:11     | Killed a deep elf pyromancer
 15155 | D:11     | Reached ** piety under Dithmenos
 15156 | D:11     | Noticed a boulder beetle
 15171 | D:11     | Killed a boulder beetle
 15172 | D:11     | Reached skill level 15 in Stealth
 15554 | D:12     | Noticed a centaur warrior
 15558 | D:12     | Killed a centaur warrior
 15697 | D:12     | Noticed a two-headed ogre
 15704 | D:12     | Killed a two-headed ogre
 15705 | D:12     | Reached XP level 12. HP: 58/58 MP: 29/29
 16800 | D:13     | Noticed an eight-headed hydra
 16872 | D:13     | Killed an eight-headed hydra
 17134 | D:13     | Reached *** piety under Dithmenos
 17161 | D:13     | Noticed a boulder beetle
 17168 | D:13     | Killed a boulder beetle
 17192 | D:13     | Reached skill level 16 in Stealth
 17242 | D:13     | Noticed a boulder beetle
 17249 | D:13     | Killed a boulder beetle
 17250 | D:13     | Reached skill level 5 in Fighting
 17279 | D:13     | Noticed a two-headed ogre
 17286 | D:13     | Killed a two-headed ogre
 17504 | D:13     | Noticed Maurice
 17514 | D:13     | Killed Maurice
 18112 | D:14     | Noticed a four-headed hydra
 18112 | D:14     | Noticed a centaur warrior
 18113 | D:14     | Noticed a centaur warrior
 18113 | D:14     | Noticed an eight-headed hydra
 18115 | D:14     | Noticed a centaur warrior
 18116 | D:14     | Killed a centaur warrior
 18118 | D:14     | Noticed a tengu warrior
 18120 | D:14     | Noticed a centaur warrior
 18419 | D:14     | Noticed a centaur warrior
 18424 | D:14     | Noticed a centaur warrior
 18428 | D:14     | Noticed a two-headed ogre
 18429 | D:14     | Killed a centaur warrior
 18433 | D:14     | Killed a centaur warrior
 18442 | D:14     | Killed a two-headed ogre
 18443 | D:14     | Reached XP level 13. HP: 24/64 MP: 13/31
 19557 | D:14     | Reached skill level 17 in Stealth
 19583 | D:14     | Reached skill level 10 in Dodging
 20187 | D:14     | Found a gate to the Vaults.
 20525 | D:15     | Entered Level 15 of the Dungeon
 20565 | D:15     | Acquired 421 gold pieces
 20699 | D:15     | Found a gate leading to a gauntlet.
 20708 | D:15     | Reached **** piety under Dithmenos
 20722 | Gauntlet | Entered a Gauntlet
 20722 | Gauntlet | Found a transporter.
 20722 | Gauntlet | Found a transporter.
 20750 | Gauntlet | Found a transporter.
 20750 | Gauntlet | Found a transporter.
 20758 | Gauntlet | Found a transporter.
 20767 | Gauntlet | Noticed a reaper
 20777 | Gauntlet | Found a transporter.
 20784 | Gauntlet | Noticed an entropy weaver
 20787 | Gauntlet | Found a transporter.
 20790 | Gauntlet | Found a transporter.
 20794 | Gauntlet | Found a transporter.
 20796 | Gauntlet | Found a transporter.
 20798 | Gauntlet | Found the brooch of Shielding {Spirit SH+8}
 20802 | Gauntlet | Found a transporter.
 20870 | Gauntlet | Found a transporter.
 20879 | Gauntlet | Found a transporter.
 20900 | Gauntlet | Found a transporter.
 20998 | Gauntlet | Found a transporter.
 21016 | Gauntlet | Found a transporter.
 21717 | Gauntlet | Identified the amulet of Absolutism {Reflect rPois SH+5}
 21721 | Gauntlet | Killed an entropy weaver
 21772 | Gauntlet | Noticed a minotaur
 21779 | Gauntlet | Killed a minotaur
 21843 | D:15     | Found a portal to a secret trove of treasure.
 22142 | D:15     | Found a staircase to the Depths.
 22963 | D:15     | Noticed Rupert
 23139 | D:15     | Reached XP level 14. HP: 58/70 MP: 27/33
 23321 | D:15     | Found an iron altar of Okawaru.
 23526 | D:15     | Killed Rupert
 23527 | D:15     | Reached skill level 18 in Stealth
 23591 | D:15     | Reached skill level 15 in Hexes
 24474 | Lair:1   | Entered Level 1 of the Lair of Beasts
 24539 | Lair:1   | Noticed Grum
 24549 | Lair:1   | Killed Grum
 24686 | Lair:1   | Found a transporter.
 24692 | Lair:1   | Noticed Cab's ghost (journeyman DsFi)
 24956 | Lair:1   | Reached skill level 15 in Spellcasting
 25106 | Lair:1   | Found a transporter.
 25533 | Lair:2   | Reached ***** piety under Dithmenos
 25543 | Lair:2   | Reached skill level 10 in Short Blades
 25736 | Lair:2   | You fall into a shaft and drop 2 floors!
 25804 | Lair:4   | Found a staircase to the Swamp.
 26141 | Lair:2   | Found a staircase to the Snake Pit.
 27873 | Lair:4   | Reached XP level 15. HP: 77/77 MP: 35/35
 27948 | Lair:4   | Noticed Urug
 27959 | Lair:4   | Killed Urug
 28056 | Lair:4   | Noticed Nergalle
 28077 | Lair:4   | Killed Nergalle
 28078 | Lair:4   | Reached skill level 19 in Stealth
 28426 | Lair:5   | Found a transporter.
 28426 | Lair:5   | Found a transporter.
 29221 | Lair:6   | Entered Level 6 of the Lair of Beasts
 29859 | Lair:6   | Reached ****** piety under Dithmenos
 30198 | Lair:6   | HP: 2/77 [spriggan rider (21)]
 30395 | Lair:6   | Found a viscous altar of Jiyva.
 30396 | Lair:6   | Found a staircase to the Slime Pits.
 31498 | Orc:1    | Entered Level 1 of the Orcish Mines
 32049 | Orc:1    | Noticed an orc warlord
 32058 | Orc:1    | Killed an orc warlord
 32160 | Orc:2    | Entered Level 2 of the Orcish Mines
 32372 | Orc:1    | Noticed an orc warlord
 32612 | Orc:2    | Killed an orc warlord
 32827 | Orc:1    | Reached skill level 20 in Stealth
 33442 | Orc:2    | Found a staircase to the Elven Halls.
 33660 | Orc:2    | Learned a level 2 spell: Blink
 33799 | Orc:2    | Found Nameoh's General Store.
 34020 | Orc:2    | Found Diuhas's Antique Weapon Shoppe.
 34038 | Orc:2    | Reached XP level 16. HP: 24/83 MP: 24/37
 35085 | Orc:2    | Found Edoarr's Weapon Boutique.
 35244 | Orc:2    | Found Zope Rogonu's Armour Shop.
 35641 | Orc:2    | Bought a book of Hexes for 468 gold pieces
 35646 | Orc:2    | Learned a level 4 spell: Cause Fear
 35655 | Orc:2    | Learned a level 8 spell: Discord
 35655 | Orc:2    | Upgraded the game from 0.29-a0-90-gc37658a0fe to
                  | 0.29-a0-91-gdebf4667c2
 35929 | Snake:1  | Entered Level 1 of the Snake Pit
 37200 | Snake:2  | Gained mutation: Your spells are a little harder to cast,
                  | but a little more powerful. [potion of mutation]
 38177 | Snake:3  | Reached skill level 21 in Stealth
 38306 | Snake:3  | Reached skill level 15 in Dodging
 39289 | Snake:3  | Found Cungosha's General Store.
 39289 | Snake:3  | Found Parchoog's Assorted Antiques.
 39304 | Snake:3  | Found Pixunibo's Distillery.
 39306 | Snake:3  | Bought a potion of haste for 170 gold pieces
 39306 | Snake:3  | Bought the +8 Vampire's Tooth {vamp} for 1020 gold pieces
 39306 | Snake:3  | Found the +8 Vampire's Tooth {vamp}
 39314 | Snake:3  | Bought a potion of haste for 150 gold pieces
 39314 | Snake:3  | Bought a potion of curing for 45 gold pieces
 39314 | Snake:3  | Bought a potion of magic for 120 gold pieces
 39314 | Snake:3  | Bought a potion of curing for 45 gold pieces
 39314 | Snake:3  | Bought a potion of heal wounds for 75 gold pieces
 39314 | Snake:3  | Bought a potion of berserk rage for 75 gold pieces
 39924 | Snake:4  | Entered Level 4 of the Snake Pit
 40034 | Snake:4  | Reached skill level 10 in Fighting
 40122 | Snake:4  | Reached XP level 17. HP: 89/89 MP: 21/39
 40204 | Snake:4  | Found Caaxozam's Antique Armour Boutique.
 40240 | Snake:4  | Found Dauj's Weapon Boutique.
 40240 | Snake:4  | Found Keint's Assorted Antiques.
 40322 | Snake:4  | Found Daaptun's Antique Armour Shop.
 40344 | Snake:4  | Bought a heavily runed granite ring for 180 gold pieces
 40344 | Snake:4  | Identified the ring of Propriety {rF+ rC+ rN++ AC+4 Dex-5}
                  | (You bought it in a shop on level 4 of the Snake Pit)
 40344 | Snake:4  | Bought a scroll of enchant armour for 270 gold pieces
 40344 | Snake:4  | Bought a scroll of summoning for 342 gold pieces
 40355 | Snake:4  | Bought a runed cloak for 225 gold pieces
 40978 | Snake:4  | Reached skill level 22 in Stealth
 42211 | Snake:4  | Got a serpentine rune of Zot
 42407 | Swamp:1  | Entered Level 1 of the Swamp
 42862 | Swamp:2  | HP: 4/90 [hornet (3)]
 43292 | Swamp:1  | You fall into a shaft and drop 1 floor!
 44626 | Swamp:3  | Noticed Kirke
 44639 | Swamp:3  | Killed Kirke
 44692 | Swamp:3  | Noticed Mara
 44695 | Swamp:3  | Noticed Bai Suzhen
 44696 | Swamp:3  | Killed Mara
 44697 | Swamp:3  | Reached XP level 18. HP: 89/96 MP: 36/41
 44703 | Swamp:3  | Killed Bai Suzhen
 44736 | Swamp:3  | Noticed Louise
 44759 | Swamp:3  | Killed Louise
 45131 | Swamp:3  | Learned a level 5 spell: Summon Mana Viper
 45135 | Swamp:3  | Learned a level 3 spell: Teleport Other
 45396 | Swamp:4  | Entered Level 4 of the Swamp
 45399 | Swamp:4  | Noticed a tentacled monstrosity
 45415 | Swamp:4  | Reached skill level 23 in Stealth
 45526 | Swamp:4  | Killed a tentacled monstrosity
 46326 | Swamp:4  | Got a decaying rune of Zot
 47118 | Vaults:1 | Entered Level 1 of the Vaults
 47338 | Vaults:1 | Found Geulutt's General Store.
 47346 | Vaults:1 | Bought a potion of haste for 170 gold pieces
 48101 | Vaults:1 | Reached skill level 24 in Stealth
 48111 | Vaults:1 | Reached XP level 19. HP: 102/102 MP: 26/43
 48614 | Vaults:1 | Found Wishuut's Antique Weapon Boutique.
 48796 | Vaults:2 | Found Iniell's Magic Scroll Emporium.
 48808 | Vaults:2 | Bought a scroll of immolation for 56 gold pieces
 48808 | Vaults:2 | Bought a scroll of fear for 56 gold pieces
 48808 | Vaults:2 | Bought 3 scrolls of magic mapping for 168 gold pieces
 48808 | Vaults:2 | Bought a scroll of immolation for 56 gold pieces
 48808 | Vaults:2 | Bought a scroll of blinking for 120 gold pieces
 48821 | Vaults:2 | Found a staircase to the Crypt.
 48821 | Vaults:2 | Found an ancient bone altar of Kikubaaqudgha.
 48821 | Vaults:2 | Found a basalt altar of Yredelemnul.
 48929 | Vaults:2 | Found Cohiutih's Assorted Antiques.
 48935 | Vaults:2 | Bought 2 potions of resistance for 520 gold pieces
 48936 | Vaults:2 | Acquired the +3 robe of Clouds {*Thunder rCloud rElec}
 48936 | Vaults:2 | Found the +3 robe of Clouds {*Thunder rCloud rElec}
 49404 | Vaults:2 | Noticed Sojobo
 49917 | Vaults:2 | Killed Sojobo
 50662 | Vaults:3 | Reached skill level 25 in Stealth
 51206 | Vaults:3 | Reached XP level 20. HP: 108/108 MP: 45/45
 51617 | Vaults:4 | Found a flickering gateway to a bazaar.
 51626 | Bazaar   | Entered a bazaar
 51773 | Bazaar   | Found Yjenlole's Armour Shop.
 51807 | Bazaar   | Found Rutob's Assorted Antiques.
 51807 | Bazaar   | Found Mased's Weapon Shop.
 51837 | Bazaar   | Found Diuceath's Armour Shop.
 53869 | Vaults:5 | Entered Level 5 of the Vaults
 53870 | Vaults:5 | Noticed Margery
 54374 | Vaults:5 | Reached skill level 26 in Stealth
 54375 | Vaults:5 | Killed Margery
 54400 | Vaults:5 | Noticed Mennas
 54432 | Vaults:5 | Killed Mennas
 54432 | Vaults:5 | Noticed Saint Roka
 54471 | Vaults:5 | Reached XP level 21. HP: 80/114 MP: 3/47
 54481 | Vaults:5 | Killed Saint Roka
 55340 | Vaults:5 | Identified the +1 cloak of Duty {rC+ Str+5}
 55449 | Vaults:5 | Found Liopruops's General Store.
 55461 | Vaults:5 | Bought a potion of heal wounds for 90 gold pieces
 55849 | Vaults:5 | Got a silver rune of Zot
 56049 | Vaults:5 | Got the Grimoire of Creative Confrontation
 56504 | Elf:1    | Entered Level 1 of the Elven Halls
 56510 | Elf:1    | Noticed Nikola
 56546 | Elf:1    | Found Nycaej's Armour Boutique.
 56583 | Elf:1    | Found a crumbling gateway.
 56587 | Desolati | Entered the Desolation of Salt
 56637 | Desolati | Reached skill level 27 in Stealth
 56793 | Desolati | Identified the ring "Beopp" {Fly rElec Int+6 Dex+2}
 56810 | Desolati | Identified the +8 falchion of Gluttony {freeze, rElec rN+
                  | Dex+4}
 56811 | Desolati | Identified the amulet of Yxzaez {Spirit Str+5}
 56879 | Desolati | Got the Reference Book on Transformation
 56903 | Desolati | Found the +10 Black Knight's barding {ponderous, rPois rN+}
 56935 | Desolati | Got the Catalogue of the Arcane
 56940 | Desolati | Identified the ring "Borchelon" {rF+ rC+ Str-5 Int+3}
 56943 | Desolati | Identified the +3 great sword "Voynnor" {antimagic, *Rage
                  | rC+ Str+3 SInv}
 57778 | Elf:1    | Found Tuurosch's Magic Scroll Emporium.
 57788 | Elf:1    | Bought a scroll of enchant armour for 112 gold pieces
 57788 | Elf:1    | Bought a scroll of teleportation for 45 gold pieces
 57792 | Elf:1    | You fall into a shaft and drop 1 floor!
 58204 | Elf:2    | Found a huge runed translucent gate.
 58204 | Elf:2    | Found a huge runed translucent gate.
 58205 | Elf:2    | Found a huge runed translucent gate.
 58206 | Elf:2    | Found a huge runed translucent gate.
 58210 | Elf:2    | Found a huge runed translucent gate.
 58733 | Elf:1    | Killed Nikola
 59129 | Elf:1    | Reached skill level 15 in Fighting
 59444 | Elf:2    | Found Ompuoppi's Jewellery Emporium.
 59497 | Elf:2    | Found a runed translucent door.
 59762 | Elf:2    | Reached XP level 22. HP: 122/122 MP: 41/49
 60144 | Elf:2    | Noticed MummyMadness's ghost (adept DsCA)
 60332 | Elf:2    | Got the Reference Book on the Mountains
 60349 | Elf:2    | Got the Grimoire of Lightness
 60365 | Elf:2    | Got the Reference Book on Ice
 60459 | Elf:3    | Entered Level 3 of the Elven Halls
 61831 | Elf:3    | Identified the +7 long sword of Noaceusy {vorpal, Str+3}
 61836 | Elf:3    | Found the +8 storm bow {elec, penet}
 61847 | Elf:3    | Identified the amulet "Ittoroonox" {Acrobat +Blink rF+}
 61953 | Elf:3    | Identified the +0 pair of boots "Luor" {Rampage rC+}
 62372 | Depths:1 | Entered Level 1 of the Depths
 62913 | Depths:1 | Found Kyhecuh's Firing Range.
 63046 | Depths:1 | Identified the +5 kite shield of the Hart {rPois Int+3}
 63046 | Depths:1 | Noticed Asterion
 63055 | Depths:1 | Killed Asterion
 63532 | Depths:1 | Found a gateway to Hell.
 63643 | Depths:1 | Identified the +1 demon blade of the Wary Bounties {elec,
                  | rC+}
 64437 | Depths:2 | Found a one-way gate leading to the halls of Pandemonium.
 64523 | Depths:2 | Found a magical portal.
 64567 | WizLab   | Entered Cigotuvi's Fleshworks
 64827 | WizLab   | Identified the ring of Koatteis {Str+6 Dex+7}
 65406 | WizLab   | Got the Tome of Moulding
 65408 | WizLab   | Got the Handbook of Shape Shifting
 65694 | Depths:2 | Reached XP level 23. HP: 130/130 MP: 51/51
 66443 | Depths:2 | Found a shimmering blue altar of Sif Muna.
 67240 | Depths:3 | Noticed Frederick
 67256 | Depths:3 | Killed Frederick
 67443 | Depths:3 | Found a one-way gate to the infinite horrors of the Abyss.
 67821 | Depths:2 | Upgraded the game from 0.29-a0-91-gdebf4667c2 to
                  | 0.29-a0-92-gee772dd00f
 68264 | Depths:3 | Noticed a juggernaut
 68265 | Depths:3 | Noticed a caustic shrike
 68267 | Depths:3 | Killed a juggernaut
 68273 | Depths:3 | Killed a caustic shrike
 68520 | Depths:3 | Noticed a caustic shrike
 68526 | Depths:3 | Killed a caustic shrike
 68910 | Depths:3 | Found a one-way gateway to a ziggurat.
 69043 | Depths:3 | Found Zousas's Magic Scroll Shoppe.
 69459 | Depths:4 | Entered Level 4 of the Depths
 69534 | Depths:4 | HP: 3/133 [spriggan defender (41)]
 69534 | Depths:4 | Annihilated by a spriggan defender

Illustrated notes

Levels and vault maps discovered:
D:1:      lightli_arrival_statue_moat, layout_basic, minmay_tromino_v4_b
D:2:      layout_loops_ring, shapermc_ecumenical_altar_mp_highgroup
D:3:      layout_basic, lightli_temple_of_fire, uniq_crazy_yiuf_cottage
D:4:      layout_loops_corners, kennysheep_generic_room_15, uniq_robin
D:5:      layout_rooms, minmay_temple_entry_large_hall, uniq_menkaure
D:6:      layout_basic, kb_lookout_dungeons_type, minmay_misc_feat_roman,
          fountainhead, uniq_duvessa
D:7:      layout_loops_ring, enter_bailey_3, serial_bayou, serial_bayou_shore_a,
          serial_bayou_shore_b, serial_bayou_lagoon_a, serial_bayou_shore_b,
          roderic_roman_lattice, moated_statue, minmay_ruffians
D:8:      layout_rooms, nemelex_spade_bored_becter, grunt_dithmenos_shadows,
          special_room [special_room_orc]
D:9:      layout_rooms, serial_shops, shop
D:10:     layout_cave_pools, mainiacjoe_overflow_alcove_3, dpeg_lair_monsters,
          uniq_erolcha
D:11:     layout_irregular_city
D:12:     layout_stronghold
D:13:     layout_layer_cave, uniq_maurice
D:14:     layout_roguey, grunt_vaults_entry_fortified, hex_tiny,
          grunt_decor_cap, kennysheep_kite_vault
D:15:     gammafunk_depths_entry_grave, layout_long_grid,
          gauntlet_entry_generic, minivault_4, enter_trove_6,
          okawaru_ov_weapons_minmay, uniq_rupert
Temple:   regret_index_temple_waves
Lair:1:   layout_gridlike, serial_rivers, chequers_serial_rivers_room_a,
          chequers_serial_rivers_small_3, chequers_serial_rivers_micro_e,
          chequers_serial_rivers_micro_d, chequers_serial_rivers_micro_d,
          nzn_ghost_randoct, lemuel_another_geyser, infiniplex_staircase_pool_2,
          uniq_grum
Lair:2:   layout_cellular_growth, minmay_snake_entry_guardpost_small
Lair:3:   layout_long_grid
Lair:4:   layout_gridlike, swamp_mist, lemuel_fruit_fields, uniq_urug,
          uniq_nergalle
Lair:5:   gammafunk_boulding_lane, layout_long_grid
Lair:6:   minmay_lair_end_enchanted_forest, layout_regular_city, slime_altar_1,
          st_stairs_6, minmay_lair_oklob_bushes, hangedman_lair_unloving_vines
Swamp:1:  layout_falls_marsh, infiniplex_staircase_pool
Swamp:2:  layout_basic_swamp, evilmike_swamp_ruin_house_3
Swamp:3:  layout_falls_marsh, nicolae_swamp_stair_fork, swamp_pool3, uniq_kirke,
          uniq_louise, uniq_bai_suzhen, uniq_mara
Swamp:4:  swamp_basic_johnstein, layout_basic_swamp
Snake:1:  layout_gridlike
Snake:2:  layout_grid_shapes
Snake:3:  layout_layer_cave, nicolae_snake_serpentine_bazaar
Snake:4:  snake_pit, layout_rooms, minmay_shoptagon
Orc:1:    layout_diamond_mine, mines5_lemuel
Orc:2:    pubby_orc_utopia
Elf:1:    eino_elf_arrival_shootout, layout_gridlike, serial_shops,
          nicolae_shop_crystal,
          portal_desolation_entry_nicolae_forbidding_blocks,
          minmay_elf_crystal_hexagon, item_on_display_a, minmay_shop_star,
          uniq_nikola
Elf:2:    elven_hall_of_blades_hangedman_alternative
          [nicolae_blade_entry_area_security], layout_geoelf_diagonals,
          ebering_ghost_reflecting_pool, serial_shops, shop_statue,
          nicolae_elf_elemental_lessons
Elf:3:    minmay_elf_hall_hex, layout_loops_corners, grunt_ministairs_9
Vaults:1: v_misc_10, v_misc_22, ontoclasm_vaults_bender,
          ontoclasm_vaults_ring_large, ontoclasm_vaults_ring_large,
          hangedman_vaults_variations, nicolae_vaults_network_star,
          nicolae_vaults_little_squares_5, ontoclasm_vaults_shuriken,
          nicolae_vaults_puzzle_piece, v_misc_26, hangedman_vaults_slice,
          layout_vaults_big_cross, serial_shops, nicolae_shop_statue_plus, shop
Vaults:2: dpeg_vaults_monster_box, ontoclasm_vaults_hangar,
          minmay_crypt_entry_necro_gods, v_misc_13, ontoclasm_vaults_misaligned,
          ontoclasm_vaults_chip, nicolae_vaults_alarming, st_cells,
          ontoclasm_vaults_ring_large, hangedman_vaults_restitches,
          ontoclasm_vaults_fault, nicolae_vaults_what_the_h, v_misc_24,
          grunt_vaults_focal, vaults_room_door_hall, layout_vaults_maze_bifur,
          serial_shops, shop, shop, uniq_sojobo
Vaults:3: vaults_room_octagon, vaults_dpeg_hooks, vaults_standard_mumra_lines,
          nicolae_vaults_sealed_display, vaults_dpeg_cross,
          ontoclasm_vaults_decontamination, nicolae_vaults_little_squares_1,
          v_misc_26, vaults_mumra_hexcomb, layout_vaults_quadrants
Vaults:4: v_misc_14, grunt_vaults_funnel, v_misc_4, v_alt_pattern_3,
          v_alt_pattern_3, vaults_room_hallway, v_misc_14, v_misc_27,
          vaults_dpeg_ring, vaults_room_door_ring, ontoclasm_vaults_chip,
          layout_vaults_chaotic_city, serial_shops, freezing_bzr
Vaults:5: uniq_saint_roka, uniq_margery, uniq_mennas
Depths:1: layout_honeycomb, hellmouth_2, kennysheep_pointless_box,
          serial_sigils_hangedman_quiver, nicolae_shop_firing_range,
          uniq_asterion
Depths:2: kennysheep_big_flooded_room, layout_small_grid, led_sif_pool,
          grunt_pan_entry_in_and_out, mu_enter_wizlab_2,
          pf_hell_entry_great_geh, nicolae_two_hexagons
Depths:3: kennysheep_snake, layout_basic, enter_ziggurat_e, serial_shops,
          nicolae_take_the_stairs, hell_entry, minmay_misc_feat_hallway,
          minmay_room_of_horrors, uniq_frederick
Depths:4: evilmike_zot_entry_diamond, layout_basic, nicolae_uskayaw_en_pointe,
          hangedman_abyss_entry_splay, grunt_hell_entry_dis_grunt, serial_shops,
          shop_statue, nicolae_wooded_promenade

Skill      XL: |  1  2  3  4  5  6  7  8  9 10 11 12 13 14 15 16 17 18 19 20 21 22 23 |
---------------+----------------------------------------------------------------------+-----
Spellcasting   | 3 4 5 6 7 9 11 12 13 14 15 16 17 18 19 20 21 22 23 24 | 24.2
Hexes          | 4 5 6 7 9 11 12 13 14 15 16 17 18 19 20 21 22 23 24 | 24.4
Stealth        | 6 7 10 13 14 15 16 17 18 20 21 22 24 25 26 27 | 27.0
Dodging        | 5 7 9 10 12 14 15 16 18 19 20 21 23 24 | 24.1
Fighting       | 2 4 5 6 7 8 10 11 12 13 15 16 18 | 18.1
Short Blades   | 3 5 7 9 10 11 | 11.0

Action                   |  1- 3 |  4- 6 |  7- 9 | 10-12 | 13-15 | 16-18 | 19-21 | 22-24 || total
-------------------------+-------+-------+-------+-------+-------+-------+-------+-------++-------
Melee: Dagger            |   155 |   173 |   245 |   365 |  1122 |   164 |       |       ||  2224
       Punch             |     1 |     2 |     2 |     4 |    15 |       |       |       ||    24
       Quick blade       |       |       |       |       |       |   593 |   647 |   550 ||  1790
Throw: Dart              |       |       |       |       |     1 |       |       |       ||     1
 Cast: Ensorcelled Hiber |    17 |    18 |    55 |    84 |   331 |   296 |   108 |    82 ||   991
       Tukima's Dance    |     2 |     1 |    25 |    27 |    93 |    49 |     7 |     9 ||   213
       Confusing Touch   |       |     6 |     8 |    17 |    60 |    35 |    26 |    30 ||   182
       Dazzling Flash    |       |       |       |       |     1 |     9 |       |       ||    10
       Discord           |       |       |       |       |       |     2 |    36 |    35 ||    73
       Blink             |       |       |       |       |       |     1 |       |       ||     1
       Cause Fear        |       |       |       |       |       |       |     1 |       ||     1
Invok: Shadow Step       |       |       |       |       |       |     8 |     2 |     1 ||    11
Evoke: Wand              |       |       |     4 |     7 |    12 |    22 |     2 |     1 ||    48
       Phantom mirror    |       |       |       |       |     1 |     1 |       |       ||     2
       Box of beasts     |       |       |       |       |     1 |       |     1 |       ||     2
  Use: Scroll            |     2 |     4 |    11 |    14 |    10 |     6 |    20 |     5 ||    72
       Potion            |       |     1 |     5 |     3 |     7 |     9 |     9 |     6 ||    40
 Stab: Sleeping          |    20 |    14 |    34 |    79 |   287 |   311 |   223 |   120 ||  1088
       Distracted        |     1 |       |       |     2 |     9 |     9 |     8 |     6 ||    35
       Confused          |       |     3 |     4 |    18 |    60 |    40 |    34 |    40 ||   199
       Invisible         |       |       |       |       |       |    10 |     2 |       ||    12
Armor: Robe              |    17 |    19 |    17 |    29 |       |       |    21 |    13 ||   116
       Steam dragon scal |       |       |       |    26 |    98 |    49 |    11 |       ||   184
Dodge: Dodged            |    99 |   134 |   166 |   314 |   930 |   581 |   294 |   204 ||  2722
Block: Other             |       |       |       |       |   120 |       |       |       ||   120
       Reflection        |       |       |       |       |     5 |     2 |     1 |       ||     8
       Orb               |       |       |       |       |    53 |    95 |    62 |    35 ||   245

Table legend: (Time is in decaauts)
 A = Elapsed time spent in this place.
 B = Non-inter-level travel time spent in this place.
 C = Inter-level travel time spent in this place.
 D = Time resting spent in this place.
 E = Time spent auto-exploring this place.
 F = Levels seen in this place.
 G = Mean time per level.
                   A        B        C        D        E       F      G
               +--------+--------+--------+--------+--------+-----+--------+
         Total |  53417 |  51364 |   2053 |  15850 |  24324 |  49 | 1090.1 |
       Dungeon |  18508 |  17841 |    667 |   5755 |   8614 |  15 | 1233.9 |
        Temple |     89 |     71 |     18 |      0 |     61 |   1 |   89.0 |
          Lair |   5766 |   5517 |    249 |    916 |   3389 |   6 |  961.0 |
         Swamp |   2924 |   2796 |    128 |    938 |   1192 |   4 |  731.0 |
     Snake Pit |   4913 |   4769 |    144 |   1361 |   2520 |   4 | 1228.2 |
  Orcish Mines |   2956 |   2738 |    218 |   1085 |   1008 |   2 | 1478.0 |
   Elven Halls |   3579 |   3422 |    157 |   1069 |   1553 |   3 | 1193.0 |
        Vaults |   6339 |   6019 |    320 |   1214 |   3437 |   5 | 1267.8 |
        Depths |   4528 |   4380 |    148 |   1567 |   1887 |   4 | 1132.0 |
        Bazaar |    203 |    203 |      0 |      0 |    200 |   1 |  203.0 |
        Bailey |   1472 |   1472 |      0 |    902 |    128 |   1 | 1472.0 |
        Wizlab |    654 |    654 |      0 |    201 |     79 |   1 |  654.0 |
    Desolation |    593 |    593 |      0 |    287 |     64 |   1 |  593.0 |
      Gauntlet |    888 |    888 |      0 |    553 |    187 |   1 |  888.0 |
               +--------+--------+--------+--------+--------+-----+--------+

Top non-repeatable levels by time:
   Orc:2: 2564 daAuts
    D:15: 2237 daAuts
    D:14: 2224 daAuts
Vaults:4: 2017 daAuts
     D:4: 1863 daAuts
     D:7: 1845 daAuts
 Snake:3: 1710 daAuts
  Lair:6: 1699 daAuts
Depths:2: 1580 daAuts
Depths:3: 1556 daAuts
  Bailey: 1472 daAuts
 Snake:4: 1465 daAuts
    D:10: 1411 daAuts
Depths:1: 1374 daAuts
   Elf:1: 1319 daAuts
